 Dungeon Crawl Stone Soup version 0.27.1-2-g3b301248ec (webtiles) character file.

Game seed: 1183174981703406187

96895 raph the Jinx (level 15, -2/126 HPs)
             Began as a Purple Draconian Conjurer on Oct 1, 2021.
             Was an Elder of Dithmenos.
             Slain by a merfolk (55 damage)
             ... on level 2 of the Shoals on Oct 2, 2021.
             The game lasted 01:42:04 (38597 turns).

raph the Jinx (Purple Draconian Conjurer)          Turns: 38597, Time: 01:42:04

Health: -2/126     AC: 17    Str: 13    XL:     15   Next: 70%
Magic:  13/38      EV: 16    Int: 24    God:    Dithmenos [****..]
Gold:   1359       SH:  0    Dex: 15    Spells: 5/34 levels left

rFire    . . .     SeeInvis .   a - +6 short sword (venom)
rCold    . . .     Faith    .   n - +0 buckler "Neakhar" {*Slow Str+4 Dex+4}
rNeg     . . .     Spirit   .   (armour unavailable)
rPois    +         Reflect  .   (helmet restricted)
rElec    .         Harm     .   l - +2 cloak {rCorr}
rCorr    +         Rampage  .   P - +2 pair of gloves
Will     ++...                  O - +1 pair of boots
Stlth    +++.......             D - amulet of regeneration
HPRegen  1.31/turn              U - ring of magical power
MPRegen  0.26/turn              H - ring of poison resistance

@: sleeping, wreathed by umbra, very slow
A: breathe power, AC +9, unfitting armour, cold-blooded
a: Breathe Dispelling Energy, Renounce Religion, Shadow Step


You were on level 2 of the Shoals.
You worshipped Dithmenos.
Dithmenos was greatly pleased with you.
You visited 4 branches of the dungeon, and saw 25 of its levels.
You also visited: Gauntlet.

You collected 3115 gold pieces.
You spent 1756 gold pieces at shops.

Inventory:

Hand Weapons
 a - a +6 short sword of venom (weapon)
 b - a +4 dagger of protection
 h - a +3 dagger of flaming
 x - a +0 rapier
 F - a +4 dagger of chaos
Missiles
 i - 73 poisoned darts
 j - 2 throwing nets
Armour
 l - a +2 cloak of preservation (worn)
 n - the +0 buckler "Neakhar" (worn) {*Slow Str+4 Dex+4}
   (You took it off a kobold on level 4 of the Dungeon)

   Str:       It affects your strength (+4).
   Dex:       It affects your dexterity (+4).
   *Slow:     It may slow you when you take damage.
 y - a +0 buckler
 O - a +1 pair of boots (worn)
 P - a +2 pair of gloves (worn)
 S - a +0 pair of gloves
Jewellery
 c - a ring of protection from fire
 g - a ring of flight
 o - a ring of resist corrosion
 D - an amulet of regeneration (around neck)
 H - a ring of poison resistance (right hand)
 I - an amulet of guardian spirit
 K - a ring of ice
 U - a ring of magical power (left hand)
 V - a ring of wizardry
Wands
 k - a wand of polymorph (30)
 t - a wand of mindburst (32)
 z - a wand of digging (4)
 A - a wand of paralysis (26)
 B - a wand of charming (25)
 E - a wand of flame (59)
 N - a wand of iceblast (22)
 X - a wand of acid (7)
Scrolls
 d - 3 scrolls of amnesia
 u - 2 scrolls of teleportation
 C - 5 scrolls of identify
 G - 3 scrolls of holy word
 J - 3 scrolls of blinking
 M - 3 scrolls of fog
Potions
 e - 4 potions of berserk rage
 f - 2 potions of curing
 m - 3 potions of haste
 q - 2 potions of heal wounds
 r - 3 potions of attraction
 s - 5 potions of flight
 v - 2 potions of mutation
 w - 2 potions of resistance
 L - 2 potions of lignification
 R - a potion of ambrosia
 T - a potion of invisibility
 W - a potion of might
Miscellaneous
 Q - a phial of floods


   Skills:
 + Level 9.6 Fighting
 * Level 11.1 Short Blades
 + Level 8.7 Dodging
 + Level 9.3 Stealth
 - Level 4.0 Shields
 + Level 10.2 Spellcasting
 + Level 11.9 Conjurations
 + Level 12.3 Hexes
 * Level 8.6 Translocations
 + Level 7.1 Invocations


You had 5 spell levels left.
You knew the following spells:

 Your Spells              Type           Power      Damage    Failure   Level
a - Magic Dart            Conj           100%       1d8       1%          1
b - Searing Ray           Conj           100%       3d7       1%          2
c - Dazzling Flash        Conj/Hex       100%       N/A       1%          3
d - Call Imp              Summ           12%        N/A       8%          2
e - Fulminant Prism       Conj/Hex       31%        3d16      1%          4
f - Slow                  Hex            64%        N/A       1%          2
g - Iskenderun's Mystic   Conj/Tloc      58%        2d12      1%          4
h - Blink                 Tloc           N/A        N/A       1%          2
i - Tukima's Dance        Hex            64%        N/A       1%          3
j - Manifold Assault      Tloc           52%        N/A       4%          5
k - Apportation           Tloc           100%       N/A       1%          1

Your spell library contained the following spells:

 Spells                   Type           Power      Damage    Failure   Level
 Shock                    Conj/Air       100%       1d9       1%          1
 Static Discharge         Conj/Air       41%        N/A       1%          2
 Confusing Touch          Hex            64%        N/A       1%          3
 Gell's Gravitas          Tloc           26%        N/A       1%          3
 Lesser Beckoning         Tloc           26%        N/A       1%          3
 Summon Guardian Golem    Hex/Summ       41%        N/A       1%          3
 Teleport Other           Tloc           52%        N/A       1%          3
 Passage of Golubria      Tloc           N/A        N/A       1%          4
 Mephitic Cloud           Conj/Pois/Air  31%        N/A       3%          3
 Hailstorm                Conj/Ice       41%        3d10      4%          4
 Freeze                   Ice            48%        1d7       5%          1
 Lightning Bolt           Conj/Air       20%        1d35      12%         5
 Yara's Violent Unravell  Hex/Tmut       20%        3d9       12%         5
 Call Canine Familiar     Summ           12%        N/A       16%         3
 Frozen Ramparts          Ice            24%        1d4       16%         3
 Vampiric Draining        Necr           6%         2d6       16%         3
 Summon Forest            Summ/Tloc      16%        N/A       24%         5
 Airstrike                Air            6%         N/A       45%         4
 Summon Lightning Spire   Summ/Air       12%        N/A       45%         4
 Alistair's Intoxication  Tmut/Pois      8%         N/A       82%         5
 Borgnjor's Vile Clutch   Necr/Erth      6%         N/A       82%         5
 Lee's Rapid Deconstruct  Erth           6%         3d7*      82%         5
 Dispersal                Tloc           26%        N/A       22%         6
 Conjure Ball Lightning   Conj/Air       20%        3x3d6     56%         6
 Eringya's Noxious Bog    Tmut/Pois      6%         N/A       100%        6
 Haunt                    Necr/Summ      6%         N/A       100%        7
 Storm Form               Tmut/Air       6%         N/A       100%        7
 Dragon's Call            Summ           6%         N/A       100%        9


Dungeon Overview and Level Annotations

Branches:
Dungeon (15/15)            Temple (0/1) D:6            Lair (5/6) D:9
 Shoals (3/4) Lair:4        Snake (0/4) Lair:3          Orc (2/2) D:9
    Elf (0/3) Orc:2        Vaults (0/5) D:13         Depths (0/5) D:15
Gauntlet (visited)
  Slime: Lair:5-6

Altars:
Cheibriados
Dithmenos
Elyvilon
Fedhas
Kikubaaqudgha
Makhleb
Okawaru
Sif Muna
Vehumet
Wu Jian
Xom
Yredelemnul
Zin

Shops:
D:7 =[   Orc:2 ?([!

Portals:
Abyss: D:5

Annotations:
D:5 2 transporters, MajorAdolf's ghost, novice NaWn
D:7 5 runed translucent doors
D:12 2 runed translucent doors, Borgoz's ghost, journeyman GrBe
D:13 3 runed translucent doors, Deukiw's ghost, journeyman SpEn; Ennie's ghost, journeyman MiBe; Garym's ghost, journeyman MiFi; Nabbo's ghost, journeyman TrMo; loralnil's ghost, journeyman DrEE
Lair:1 exclusion: oklob plant
Lair:5 exclusion: 2 oklob plants
Shoals:3 Roxanne


Innate Abilities, Weirdness & Mutations

You can breathe bolts of dispelling energy.
Your rich purple scales are hard. (AC +9)
You cannot fit into any form of body armour.
You are cold-blooded and may be slowed by cold attacks.


Message History

Something hits your +0 spear.
Your +0 vampiric trident hits the merfolk impaler from afar!
Your +0 spear hits the merfolk from afar!
Something hits your +0 spear!
The merfolk completely misses your +0 spear.
Your +0 spear hits the merfolk.
The merfolk dies!
Dithmenos accepts your kill.
You hear a splash.
The sea snake misses you. The sea snake barely misses you.
The merfolk impaler hits you!
You wake up.
Casting: Blink (safe; 1% risk of failure)
Confirm with . or Enter, or press ? or * to list all spells.
You blink.
Splash!
You fall into the shallow water.
Moving in this stuff is going to be slow.
Your +0 vampiric trident hits the dream sheep!!
Casting: Blink (safe; 1% risk of failure)
Confirm with . or Enter, or press ? or * to list all spells.
You blink.
Splash!
You carefully extract the barbed spikes from your body.
Your +0 spear falls from the air.
You hear a splash.
Casting: Blink (safe; 1% risk of failure)
Confirm with . or Enter, or press ? or * to list all spells.
You blink.
Splash!
The merfolk hits you from afar with a +0 spear!
The dream sheep completely misses your +0 vampiric trident.
A cyclops comes into view.
Your +0 vampiric trident hits the dream sheep.
The dream sheep splashes around in the water.
The dream sheep splashes around in the water.
Your +0 vampiric trident hits the merfolk impaler from afar!
The dream sheep shake their wool and sparkle.
You feel drowsy...
You fall asleep.
The merfolk hits you from afar with a +0 spear!!!
You die...

≈≈≈≈≈≈≈≈≈.H...≈≈≈C≈
≈≈≈≈≈≈≈≈≈......≈≈≈≈≈
≈≈≈≈≈≈≈≈≈.H##.≈≈≈≈≈≈
≈≈≈≈≈≈≈≈≈≈m#.≈≈≈≈≈≈≈
≈≈≈≈≈≈≈≈§YYS.≈≈≈≈≈≈≈
≈≈≈≈≈≈≈≈≈(≈≈≈≈≈≈≈≈≈≈
≈≈≈≈≈≈≈≈≈)≈mY≈≈≈≈≈≈≈≈
≈≈≈≈≈≈≈≈≈≈≈≈≈(≈≈≈≈≈..≈≈≈≈
≈≈≈≈≈≈≈≈≈≈≈≈≈≈≈≈@≈≈...≈≈≈..### .
≈≈≈≈≈≈≈≈≈≈≈≈≈≈≈≈≈≈....≈≈≈≈≈..###.
≈≈≈≈≈≈≈≈≈≈≈≈≈≈.≈≈.....≈≈≈≈≈≈.....
≈≈≈≈≈≈≈≈≈≈≈≈≈≈≈≈≈≈...≈≈≈≈≈....P.≈
≈≈≈.≈≈≈≈≈≈≈≈≈≈≈≈≈≈≈..≈≈≈≈≈......≈
≈≈..≈≈≈.≈≈≈≈≈≈.≈≈<≈≈≈≈≈≈P≈≈≈≈.≈≈≈
≈≈..≈≈≈≈≈≈≈≈≈......≈...≈≈≈≈≈≈≈≈≈≈
≈≈≈≈≈.##.......###.....P≈≈P≈≈≈P≈≈
≈≈≈...######....##.[.....≈≈≈...≈≈


You could see a merfolk impaler (ally target), a sea snake, a merfolk, a
manticore, 3 dream sheep and a friendly +0 vampiric trident.

Vanquished Creatures
  Kirke (Shoals:1)
  A minotaur (Gauntlet)
  5 merfolk impalers
  A rakshasa (D:15)
  10 hydras
  Erolcha (D:13)
  5 boulder beetles
  A catoblepas (Lair:4)
  2 centaur warriors
  A merfolk avatar (Shoals:2)
  4 ogre magi (Orc:2)
  A death knight (D:15)
  11 two-headed ogres
  A deep troll shaman (D:13)
  2 death yaks (D:9)
  A tengu warrior (D:15)
  4 sea snakes (Shoals:1)
  A glowing orange brain (D:15)
  A deep troll (D:13)
  A deep elf pyromancer (D:13)
  Pikel (D:5)
  13 harpies
  2 orc knights
  6 fauns
  5 cyclopes
  2 orc sorcerers (Orc:1)
  5 ugly things
  8 manticores
  3 merfolk sirens
  Maurice (D:9)
  Joseph (Lair:1)
  4 black mambas
  5 cane toads
  3 water nymphs
  A minotaur zombie (Gauntlet)
  7 rime drakes
  An unseen horror (D:11)
  2 yaktaurs (D:13)
  An efreet (D:14)
  5 komodo dragons
  6 trolls
  2 wind drakes
  A hornet (Lair:4)
  A dancing weapon (Orc:1)
  Grinder (D:3)
  3 meliai (D:15)
  A polar bear (Lair:5)
  A dream sheep (shapeshifter) (D:15)
  14 blink frogs
  3 merfolk
  11 slime creatures
  4 dream sheep
  A snapping turtle (Shoals:2)
  2 water elementals (Shoals:2)
  A wraith (D:10)
  15 wyverns
  25 yaks
  Sigmund (D:5)
  A shadow (D:12)
  2 hogs (Shoals:1)
  Grum (Lair:1)
  6 basilisks
  2 steam dragons
  Menkaure (D:5)
  11 vampire mosquitoes
  8 wargs
  9 acid dragons
  16 water moccasins
  A floating eye (Gauntlet)
  8 orc warriors
  An ice beast (D:6)
  A sky beast (D:6)
  A hornet zombie (D:9)
  A necrophage (D:5)
  26 ogres
  4 boggarts
  16 wolves
  7 centaurs
  A lemure (D:5)
  5 kobold brigands
  Blork the orc (D:5)
  3 scorpions
  7 bullfrogs
  A water moccasin zombie (D:5)
  2 wyvern skeletons (D:7)
  2 water moccasin skeletons
  3 killer bees (D:7)
  7 wights
  7 howler monkeys
  A crimson imp (D:9)
  5 centaur zombies
  2 bullfrog skeletons
  2 hounds (D:6)
  A jelly (D:6)
  A centaur skeleton (D:6)
  9 orc priests
  Crazy Yiuf (D:2)
  6 hell rats
  Ijyb (D:3)
  3 iguanas
  7 orc wizards
  3 killer bee zombies
  A howler monkey zombie (D:8)
  5 adders
  7 gnolls
  A river rat (D:9)
  A shadow imp (D:7)
  2 white imps (D:6)
  2 ufetubi
  An adder zombie (D:5)
  An adder skeleton (D:4)
  A worm (D:4)
  33 orcs
  6 ball pythons
  9 bats
  10 endoplasms
  4 giant cockroaches
  12 goblins
  8 hobgoblins
  23 kobolds
  6 quokkas
  2 frilled lizards
  11 rats
574 creatures vanquished.

Vanquished Creatures (collateral kills)
  8 two-headed ogres (Orc:2)
  Psyche (D:10)
  A yaktaur (D:13)
  A merfolk (Shoals:2)
  An orc warrior (Orc:1)
  4 ogres (Orc:2)
  An orc wizard (D:11)
  An orc (Orc:1)
18 creatures vanquished.

Vanquished Creatures (others)
  6 dancing weapons
  A human (Shoals:1)
  An iguana (D:4)
  169 fulminant prisms
  42 fungi
  125 plants
344 creatures vanquished.

Grand Total: 936 creatures vanquished

Notes
Turn   | Place    | Note
-------+----------+-------------------------------------------
     0 | D:1      | raph the Draconian Conjurer began the quest for the Orb.
     0 | D:1      | Reached XP level 1. HP: 14/14 MP: 3/3
   324 | D:1      | Reached XP level 2. HP: 4/20 MP: 0/5
   710 | D:1      | Found a faded altar of an unknown god.
   881 | D:1      | Reached skill level 1 in Shields
   885 | D:1      | Learned a level 2 spell: Searing Ray
  1050 | D:1      | Reached XP level 3. HP: 26/26 MP: 0/6
  1054 | D:1      | Learned a level 3 spell: Dazzling Flash
  1886 | D:2      | Reached XP level 4. HP: 33/33 MP: 2/7
  2290 | D:2      | Found a runed translucent door.
  2291 | D:2      | Noticed Crazy Yiuf
  2315 | D:2      | Killed Crazy Yiuf
  2316 | D:2      | Reached skill level 1 in Hexes
  2917 | D:3      | Found a shadowy altar of Dithmenos.
  2922 | D:3      | Reached XP level 5. HP: 38/38 MP: 5/8
  2958 | D:3      | Learned a level 2 spell: Call Imp
  2958 | D:3      | Became a worshipper of Dithmenos the Shadowed
  3033 | D:3      | Noticed Grinder
  3066 | D:3      | Paralysed by Grinder for 5 turns
  3074 | D:3      | Killed Grinder
  3075 | D:3      | Reached skill level 5 in Conjurations
  3075 | D:3      | Reached skill level 2 in Hexes
  3075 | D:3      | Reached XP level 6. HP: 33/45 MP: 0/10
  3702 | D:3      | Noticed Ijyb
  3709 | D:3      | Killed Ijyb
  4090 | D:4      | Found a radiant altar of Vehumet.
  4099 | D:4      | Identified the +0 buckler "Neakhar" {*Slow Str+4 Dex+4}
  4341 | D:4      | Found a basalt altar of Yredelemnul.
  4408 | D:4      | Your scales start taking on a rich purple colour.
  4408 | D:4      | Reached skill level 3 in Hexes
  4408 | D:4      | Reached XP level 7. HP: 50/50 MP: 8/12
  4558 | D:4      | Reached * piety under Dithmenos
  4776 | D:4      | Learned a level 4 spell: Fulminant Prism
  4915 | D:4      | Found a shimmering blue altar of Sif Muna.
  4915 | D:4      | Found a white marble altar of Elyvilon.
  5189 | D:5      | Entered Level 5 of the Dungeon
  5386 | D:5      | Noticed Blork the orc
  5414 | D:5      | Reached skill level 1 in Fighting
  5600 | D:5      | Noticed Sigmund
  5609 | D:5      | Killed Sigmund
  5610 | D:5      | Reached skill level 4 in Hexes
  5795 | D:5      | Reached XP level 8. HP: 60/60 MP: 9/14
  5891 | D:5      | Noticed a toenail golem
  6128 | D:5      | Found a transporter.
  6134 | D:5      | Found a one-way gate to the infinite horrors of the Abyss.
  6134 | D:5      | Noticed MajorAdolf's ghost (novice NaWn)
  6161 | D:5      | Found a transporter.
  6214 | D:5      | Noticed Menkaure
  6221 | D:5      | Killed Menkaure
  6269 | D:5      | Noticed Pikel
  6278 | D:5      | Killed Pikel
  6279 | D:5      | Reached skill level 5 in Hexes
  6352 | D:5      | Learned a level 2 spell: Slow
  6461 | D:5      | Killed Blork the orc
  6985 | D:6      | Found a staircase to the Ecumenical Temple.
  7257 | D:6      | Reached XP level 9. HP: 70/70 MP: 8/16
  7452 | D:6      | Reached skill level 5 in Spellcasting
  7460 | D:6      | Reached skill level 6 in Hexes
  8303 | D:7      | Found Umuq's Antique Armour Shoppe.
  8435 | D:7      | Reached ** piety under Dithmenos
  8603 | D:7      | Found a runed translucent gate.
  8605 | D:7      | Found a runed translucent gate.
  8605 | D:7      | Found a runed translucent gate.
  8649 | D:7      | Found a runed translucent door.
  8669 | D:7      | Reached skill level 1 in Short Blades
  9081 | D:7      | Found Eraschy's Jewellery Shop.
  9125 | D:7      | Found a runed translucent door.
  9132 | D:7      | Found the +9 staff of Olgreb {rPois∞}
  9496 | D:7      | Found a blossoming altar of Fedhas.
  9812 | D:7      | Learned a level 4 spell: Iskenderun's Mystic Blast
  9911 | D:8      | Reached skill level 7 in Hexes
 10176 | D:8      | Reached skill level 5 in Stealth
 10460 | D:8      | Found a snail-covered altar of Cheibriados.
 10463 | D:8      | Found a glowing silver altar of Zin.
 10480 | D:8      | Reached XP level 10. HP: 80/80 MP: 13/18
 10595 | D:8      | Identified the +2 leather armour of Surprise {-Tele Fly
                  | Str+4}
 11098 | D:8      | Learned a level 2 spell: Blink
 11280 | D:9      | Found an ancient bone altar of Kikubaaqudgha.
 11318 | D:9      | Found a burning altar of Makhleb.
 11318 | D:9      | Found a shimmering altar of Xom.
 11357 | D:9      | Found a staircase to the Lair.
 11358 | D:9      | Noticed a death yak
 11358 | D:9      | Noticed a death yak
 11360 | D:9      | Noticed a death yak
 11386 | D:9      | Killed a death yak
 11387 | D:9      | Reached skill level 5 in Dodging
 12050 | D:9      | Found a staircase to the Orcish Mines.
 12099 | D:9      | Noticed Maurice
 12118 | D:9      | Killed Maurice
 12119 | D:9      | Reached skill level 8 in Hexes
 12268 | D:9      | Reached *** piety under Dithmenos
 12811 | Lair:1   | Entered Level 1 of the Lair of Beasts
 12847 | Lair:1   | Noticed a cane toad
 12859 | Lair:1   | Killed a cane toad
 12860 | Lair:1   | Reached skill level 5 in Fighting
 12973 | Lair:1   | You are sucked into a shaft and drop 1 floor!
 13133 | Lair:2   | Noticed a cane toad
 13170 | Lair:2   | Killed a cane toad
 13333 | Lair:2   | Reached XP level 11. HP: 88/88 MP: 14/20
 13442 | Lair:2   | Noticed a boulder beetle
 13485 | Lair:2   | Killed a boulder beetle
 13486 | Lair:2   | Reached skill level 5 in Short Blades
 13817 | Lair:1   | You are sucked into a shaft and drop 1 floor!
 13920 | Lair:1   | Noticed Grum
 13932 | Lair:1   | Killed Grum
 13976 | Lair:1   | Reached skill level 9 in Hexes
 14457 | Lair:1   | Noticed an oklob plant
 14612 | Lair:1   | Noticed Joseph
 14624 | Lair:1   | Killed Joseph
 14947 | Lair:2   | Identified a scroll of acquirement
 14947 | Lair:2   | Acquired an amulet of regeneration
 16006 | Lair:3   | Noticed a seven-headed hydra
 16273 | Lair:3   | Found a staircase to the Snake Pit.
 16352 | Lair:3   | Killed a seven-headed hydra
 16352 | Lair:3   | Reached **** piety under Dithmenos
 16353 | Lair:3   | Reached skill level 10 in Conjurations
 16445 | Lair:3   | Reached XP level 12. HP: 81/97 MP: 10/23
 16449 | Lair:3   | Learned a level 3 spell: Gell's Gravitas
 16643 | Lair:3   | Noticed a seven-headed hydra
 16651 | Lair:3   | Killed a seven-headed hydra
 16652 | Lair:3   | Reached skill level 10 in Hexes
 16652 | Lair:3   | Reached skill level 1 in Invocations
 17194 | Lair:3   | Reached skill level 1 in Translocations
 17236 | Lair:3   | Noticed a five-headed hydra
 17244 | Lair:3   | Killed a five-headed hydra
 17855 | Lair:4   | Noticed a seven-headed hydra
 17869 | Lair:4   | Killed a seven-headed hydra
 18092 | Lair:4   | Found a staircase to the Shoals.
 18919 | Lair:5   | Noticed a four-headed hydra
 19017 | Lair:5   | Noticed an eight-headed hydra
 19037 | Lair:4   | Killed an eight-headed hydra
 19165 | Lair:5   | Noticed a catoblepas
 19764 | Lair:4   | Killed a catoblepas
 20121 | Lair:4   | Killed a four-headed hydra
 20453 | Lair:5   | Noticed a boulder beetle
 20512 | Lair:5   | Noticed a five-headed hydra
 20512 | Lair:5   | Noticed a seven-headed hydra
 20747 | Lair:4   | Killed a seven-headed hydra
 20749 | Lair:4   | Killed a five-headed hydra
 21004 | Lair:4   | Reached XP level 13. HP: 53/105 MP: 13/25
 22502 | D:9      | Learned a level 5 spell: Manifold Assault
 22808 | D:10     | Entered Level 10 of the Dungeon
 22861 | Orc:1    | Entered Level 1 of the Orcish Mines
 23008 | Orc:1    | Learned a level 3 spell: Tukima's Dance
 23021 | Orc:1    | Reached skill level 11 in Hexes
 23223 | Orc:2    | Entered Level 2 of the Orcish Mines
 23513 | Orc:1    | Reached ***** piety under Dithmenos
 24385 | Orc:2    | Found Imytehod's Antique Armour Shoppe.
 24385 | Orc:2    | Found Asuepat's Distillery.
 25883 | Orc:2    | Reached skill level 5 in Translocations
 26425 | Orc:2    | Found Yresaas's Weapon Shoppe.
 26425 | Orc:2    | Found Qomn's Magic Scroll Shop.
 26431 | Orc:2    | Bought a potion of magic for 144 gold pieces
 26431 | Orc:2    | Bought a potion of heal wounds for 90 gold pieces
 26431 | Orc:2    | Bought a potion of heal wounds for 90 gold pieces
 26435 | Orc:2    | Bought a scroll of acquirement for 780 gold pieces
 26435 | Orc:2    | Bought a scroll of enchant weapon for 112 gold pieces
 26435 | Orc:2    | Acquired 915 gold pieces
 26444 | Orc:2    | Bought 2 potions of haste for 360 gold pieces
 26444 | Orc:2    | Bought a potion of resistance for 180 gold pieces
 26501 | Orc:2    | Reached skill level 5 in Invocations
 26501 | Orc:2    | Reached XP level 14. HP: 96/115 MP: 11/27
 26637 | Orc:2    | Found a staircase to the Elven Halls.
 26920 | D:10     | Found an ornate altar of the Wu Jian Council.
 26986 | D:10     | Noticed Psyche
 26997 | D:10     | Killed Psyche
 27073 | D:10     | Found an iron altar of Okawaru.
 28107 | D:11     | Found a gate leading to a gauntlet.
 28114 | Gauntlet | Entered a Gauntlet
 28114 | Gauntlet | Found a transporter.
 28153 | Gauntlet | Found a runed translucent gate.
 28153 | Gauntlet | Found a runed translucent gate.
 28153 | Gauntlet | Found a runed translucent gate.
 28155 | Gauntlet | Found a transporter.
 28158 | Gauntlet | Found a transporter.
 28159 | Gauntlet | Found a transporter.
 28167 | Gauntlet | Found a transporter.
 28170 | Gauntlet | Found a transporter.
 28171 | Gauntlet | Found a transporter.
 28180 | Gauntlet | Found a transporter.
 28183 | Gauntlet | Found a transporter.
 28184 | Gauntlet | Found a transporter.
 28196 | Gauntlet | Found a transporter.
 28197 | Gauntlet | Found a transporter.
 28201 | Gauntlet | Found a transporter.
 28205 | Gauntlet | Found a transporter.
 28712 | Gauntlet | Got the Almanac of the Birds
 29605 | D:12     | Found a runed translucent door.
 29606 | D:12     | Found a runed translucent door.
 29608 | D:12     | Noticed a frost giant
 29608 | D:12     | Noticed a fire giant
 29612 | D:12     | Noticed a lich
 29873 | D:12     | Noticed Borgoz's ghost (journeyman GrBe)
 30506 | D:13     | Acquired the Incunabulum of Dislocated Calling
 30512 | D:13     | Found a runed translucent gate.
 30512 | D:13     | Found a runed translucent gate.
 30512 | D:13     | Found a runed translucent gate.
 30514 | D:13     | Noticed Nabbo's ghost (journeyman TrMo)
 30515 | D:13     | Noticed loralnil's ghost (journeyman DrEE)
 30516 | D:13     | Noticed Garym's ghost (journeyman MiFi)
 30516 | D:13     | Noticed Ennie's ghost (journeyman MiBe)
 30517 | D:13     | Noticed Deukiw's ghost (journeyman SpEn)
 31072 | D:13     | Noticed Erolcha
 31148 | D:13     | Killed Erolcha
 31946 | D:13     | Found the necklace of Bloodlust {*Rage +Rage Will++ Int-3
                  | Slay+6}
 31950 | D:13     | Reached skill level 10 in Short Blades
 32018 | D:13     | Found a gate to the Vaults.
 34038 | D:15     | Entered Level 15 of the Dungeon
 34977 | D:15     | Reached XP level 15. HP: 121/124 MP: 1/28
 35267 | D:15     | Reached skill level 12 in Hexes
 35315 | D:15     | Found a staircase to the Depths.
 35802 | Shoals:1 | Entered Level 1 of the Shoals
 36641 | Shoals:1 | Noticed Kirke
 36950 | Shoals:1 | Killed Kirke
 36951 | Shoals:1 | Reached skill level 10 in Spellcasting
 37302 | Shoals:1 | Noticed a kraken
 38071 | Shoals:2 | You fall into a shaft and drop 1 floor!
 38082 | Shoals:3 | Identified Roxanne's Guide on Shape Shifting
 38082 | Shoals:3 | Noticed Roxanne
 38466 | Shoals:2 | Learned a level 1 spell: Apportation
 38597 | Shoals:2 | Slain by a merfolk

Illustrated notes

Levels and vault maps discovered:
D:1:      onia_arrival_pyramid, layout_basic, shapermc_ecumenical_altar_venn,
          minmay_strange_pillars
D:2:      layout_basic, uniq_crazy_yiuf_cottage
D:3:      layout_loops_ring, mainiacjoe_overflow_paths, grunt_ministairs_11,
          uniq_grinder, uniq_ijyb
D:4:      layout_loops_ring, mainiacjoe_overflow_six_doors_small,
          mainiacjoe_overflow_small_starburst, gammafunk_temple_overflow_statue,
          serial_bayou, serial_bayou_shore_a, serial_bayou_shore_b,
          serial_bayou_lake_a, serial_bayou_pond_a, nrook_campfire,
          grunt_decor_clamped
D:5:      layout_layer_cave, gammafunk_ghost_abyssal_escape,
          lemuel_old_faithful, uniq_sigmund, uniq_blork_the_orc, uniq_pikel,
          uniq_menkaure
D:6:      layout_gridville, minmay_temple_entry_tees
D:7:      layout_basic, fedhas_altar_fruit_tree, serial_shops,
          nicolae_diamond_shop, kennysheep_mini,
          minmay_guarded_unrand_staff_of_olgreb
D:8:      layout_basic, mainiacjoe_overflow_big_doors
D:9:      layout_loops_ring, grunt_temple_overflow_champion_of_chaos,
          nicolae_kikubaaqudgha_miasma_corner, dpeg_lair_monsters, orc_0_dummy,
          nrook_mini_backslash, uniq_maurice
D:10:     layout_loops_ring, mainiacjoe_overflow_boulevard,
          okawaru_metal_pillars_3, uniq_psyche
D:11:     layout_irregular_city, gauntlet_entry_generic
D:12:     layout_cave_pools, muffindrake_ghost_dual_entry
D:13:     layout_long_grid, hangedman_vaults_entry_quadrant_bands,
          gammafunk_ghost_cemetery, hellmonk_guarded_unrand_vitality_bloodlust,
          uniq_erolcha
D:14:     layout_cave_pods, special_room [special_room_mythical_zoo],
          hangedman_abyss_or_decor_passed
D:15:     gammafunk_enter_depths_forms, layout_long_grid, minmay_strange_pillars
Lair:1:   layout_chaotic_city, minmay_lair_oklob_chamber, serial_bayou_shore_b,
          uniq_grum, uniq_joseph
Lair:2:   layout_regular_city
Lair:3:   layout_small_grid, minmay_snake_entry_six_corridors
Lair:4:   layout_loops_ring, minmay_shoals_entry_beasts
Lair:5:   layout_misc_corridors, chequers_serial_rivers_large_b, dpeg_oklob_1,
          lemuel_fruit_tree
Shoals:1: layout_shoals, uniq_kirke
Shoals:2: layout_shoals
Shoals:3: layout_shoals, portal_ice_cave_entry_dragon, uniq_roxanne
Orc:1:    layout_caves, mines5_lemuel
Orc:2:    st_orc_ogre_mass, layout_caves

Skill      XL: |  1  2  3  4  5  6  7  8  9 10 11 12 13 14 15 |
---------------+----------------------------------------------+-----
Stealth        | 2 3 4 5 6 7 8 9 |  9.3
Dodging        | 2 3 4 5 6 7 8 |  8.7
Shields        | 1 2 3 4 |  4.0
Hexes          | 1 2 3 4 5 7 8 9 10 11 12 | 12.3
Conjurations   | 5 6 7 9 10 11 | 11.9
Spellcasting   | 3 4 5 6 7 8 9 10 | 10.2
Fighting       | 1 3 4 5 6 7 8 9 |  9.6
Short Blades   | 2 4 6 7 9 10 11 | 11.1
Invocations    | 3 5 6 7 |  7.1
Translocations | 2 5 7 8 |  8.6

Action                   |  1- 3 |  4- 6 |  7- 9 | 10-12 | 13-15 || total
-------------------------+-------+-------+-------+-------+-------++-------
Melee: Unarmed           |     2 |       |       |       |       ||     2
       Dagger            |       |    19 |   111 |    49 |     2 ||   181
       Tailslap          |       |     1 |    21 |    36 |    93 ||   151
       Short sword       |       |       |       |   202 |   671 ||   873
 Cast: Magic Dart        |    32 |    12 |     9 |     4 |    14 ||    71
       Searing Ray       |    11 |    34 |    48 |    83 |    68 ||   244
       Dazzling Flash    |       |       |     1 |     2 |       ||     3
       Fulminant Prism   |       |       |    13 |    61 |    96 ||   170
       Call Imp          |       |       |     3 |     1 |     6 ||    10
       Iskenderun's Myst |       |       |     1 |    44 |   140 ||   185
       Blink             |       |       |       |     9 |    14 ||    23
       Slow              |       |       |       |     1 |       ||     1
       Gell's Gravitas   |       |       |       |     2 |       ||     2
       Tukima's Dance    |       |       |       |       |    78 ||    78
       Manifold Assault  |       |       |       |       |    49 ||    49
       Apportation       |       |       |       |       |     1 ||     1
Invok: Shadow Step       |       |       |       |       |    12 ||    12
 Abil: Breathe Dispellin |       |       |     1 |     1 |     2 ||     4
Evoke: Wand              |       |       |       |     8 |     5 ||    13
  Use: Scroll            |       |     8 |     6 |    11 |    21 ||    46
       Potion            |       |       |       |     2 |     8 ||    10
 Stab: Sleeping          |       |     1 |     7 |     7 |    14 ||    29
       Distracted        |       |       |       |       |     4 ||     4
Armor: Skin              |     6 |     8 |    49 |   120 |   216 ||   399
Dodge: Dodged            |     8 |    17 |   116 |   357 |   566 ||  1064
Block: Buckler           |     2 |    10 |    37 |   121 |   201 ||   371
